 Dungeon Crawl Stone Soup version 0.29-a0-330-g52719c12eb (webtiles) character file.

Game seed: 17178624509615142717

10 Leszczynek the Insei (level 2, -1/22 HPs)
             Began as a Human Gladiator on Apr 21, 2022.
             Slain by a jackal (2 damage)
             ... on level 1 of the Dungeon.
             The game lasted 00:01:51 (186 turns).

Leszczynek the Insei (Human Gladiator)               Turns: 186, Time: 00:01:51

Health: -1/22      AC:  4    Str: 14    XL:     2   Next: 30%
Magic:  2/2        EV: 12    Int:  8    God:
Gold:   10         SH:  0    Dex: 14    Spells: 1/1 levels left

rFire   . . .      SeeInvis .   e - +0 spear
rCold   . . .      Faith    .   (no shield)
rNeg    . . .      Spirit   .   a - +0 leather armour
rPois   .          Reflect  .   b - +0 helmet
rElec   .          Harm     .   (no cloak)
rCorr   .          Rampage  .   (no gloves)
Will    .....                   (no boots)
Stlth   +.........              (no amulet)
HPRegen 0.07/turn               (no ring)
MPRegen 0.08/turn               (no ring)

@: no status effects
A: no striking features
a: no special abilities


You were on level 1 of the Dungeon.
You visited 1 branch of the dungeon, and saw 2 of its levels.

You collected 10 gold pieces.

Inventory:

Hand Weapons
 e - a +0 spear (weapon)
Missiles
 c - 2 throwing nets (quivered)
 d - 7 javelins
Armour
 a - a +0 leather armour (worn)
 b - a +0 helmet (worn)
Scrolls
 f - a scroll of identify {unknown}
 g - a scroll of teleportation {unknown}


   Skills:
 + Level 2.2 Fighting
 - Level 2.0 Throwing
 - Level 3.0 Dodging
 + Level 3.1 Unarmed Combat
 * Level 1.1 Transmutations


You had one spell level left.
You didn't know any spells.
Your spell library was empty.

Dungeon Overview and Level Annotations

Branches:
Dungeon (2/15)

Altars:


Message History

You kill the ball python!
Found 3 scrolls labelled SEVVUJ ERULLOYT.
A hobgoblin comes into view.
The hobgoblin shouts!
You hear a bark! x3
A jackal comes into view.
The jackal barks! 3 jackals come into view.
Found 3 scrolls labelled HEASTA BONTA.
The jackal barks! x3
You see here 3 scrolls labelled SEVVUJ ERULLOYT.
Unknown command.
The jackal barely misses you.
You barely miss the jackal. The jackal closely misses you.
The jackal bites you but does no damage.
You closely miss the jackal. The jackal bites you.
* * * LOW HITPOINT WARNING * * *
You barely miss the jackal.
The jackal bites you but does no damage.
The jackal closely misses you.
You completely miss the jackal. The jackal closely misses you.
You closely miss the jackal.
The jackal bites you but does no damage. x2
You miss the jackal. The jackal completely misses you.
You barely miss the jackal.
The jackal bites you but does no damage. x2
You hit the jackal but do no damage. The jackal barely misses you.
You closely miss the jackal. The jackal barely misses you.
The jackal bites you.
* * * LOW HITPOINT WARNING * * *
The jackal bites you but does no damage.
Throw: 3 throwing nets
Press: ? - help, Q - select action, (/) - cycle Shift-Dir - straight line, f - jackal
Aim: a jackal (53% to hit)
You throw a throwing net. The throwing net hits the jackal.
The jackal is caught in the net!
The jackal struggles against the net.
You barely miss the jackal.
The jackal struggles against the net. x2
The net rips apart, and the jackal comes free!
You hit the jackal but do no damage. The jackal bites you.
You die...

###).#....#.# #..).#..#.#.#
#### #.##w.....#.# # ..?#
#.##.)......#.# ...#
#.##.....##.#.# h..#
#.##.#+#...... .h.#
#.##.#.####.######...#
#.##.#.........w.....#
#.##.######@#####?...#
#.##.#...##.hghhh.#......
#.##.#...########## .....
#.##.#.......#.. ....
#.##.........#.# ...
#>#####.######.# ##
#.###.[......#.#
#..##†#.####.#.#############
#.....#.####.#..............


You could see a worm, 4 jackals and a hobgoblin.

Vanquished Creatures
  A ball python (D:1)
  A giant cockroach (D:1)
  3 bats (D:1)
  2 frilled lizards
  3 kobolds (D:1)
  A rat (D:1)
11 creatures vanquished.

Notes
Turn   | Place    | Note
-------+----------+-------------------------------------------
     0 | D:1      | Leszczynek the Human Gladiator began the quest for the Orb.
     0 | D:1      | Reached XP level 1. HP: 16/16 MP: 1/1
   123 | D:1      | Reached XP level 2. HP: 11/22 MP: 2/2
   134 | D:1      | Reached skill level 1 in Transmutations
   137 | D:1      | HP: 4/22 [frilled lizard (1)]
   173 | D:1      | HP: 3/22 [jackal (3)]
   180 | D:1      | HP: 1/22 [jackal (3)]
   186 | D:1      | Slain by a jackal

Illustrated notes

Levels and vault maps discovered:
D:1:      zelgadis_glass_arrival_small, layout_basic
D:2:      layout_rooms, chequers_jeans, kennysheep_generic_room_4, uniq_sigmund

Skill      XL: |  1  2 |
---------------+-------+-----
Transmutations | 1 |  1.1
Fighting       | |  2.2
Throwing       | |  2.0
Dodging        | |  3.0
Unarmed Combat | |  3.1

Action                   || total
-------------------------++-------
Melee: Spear             ||    38
       Unarmed           ||     2
Throw: Throwing net      ||     1
Armor: Leather armour    ||    27
Dodge: Dodged            ||    41

Table legend: (Time is in decaauts)
 A = Elapsed time spent in this place.
 B = Non-inter-level travel time spent in this place.
 C = Inter-level travel time spent in this place.
 D = Time resting spent in this place.
 E = Time spent auto-exploring this place.
 F = Levels seen in this place.
 G = Mean time per level.
                   A        B        C        D        E       F      G
               +--------+--------+--------+--------+--------+-----+--------+
         Total |    189 |    189 |      0 |      0 |      0 |   2 |   94.5 |
       Dungeon |    189 |    189 |      0 |      0 |      0 |   2 |   94.5 |
               +--------+--------+--------+--------+--------+-----+--------+

Top non-repeatable levels by time:
     D:1: 176 daAuts
     D:2: 13 daAuts
